 Dungeon Crawl Stone Soup version 0.26.1-11-gd32895ea62 (webtiles) character file.

Game seed: 18200198909747124855

858 Almogavar the Stinger (level 8, -10/49 HPs)
             Began as an Octopode Venom Mage on May 17, 2021.
             Mangled by an orc warrior
             ... wielding a +0 halberd
              (20 damage)
             ... on level 5 of the Dungeon.
             The game lasted 00:22:34 (5922 turns).

Almogavar the Stinger (Octopode Venom Mage)         Turns: 5922, Time: 00:22:35

Health: -10/49     AC:  1    Str:  7    XL:     8   Next: 2%
Magic:  13/14      EV: 14    Int: 19    God:
Gold:   257        SH:  0    Dex: 13    Spells: 12/15 levels left

rFire    + + .     SeeInvis .   l - +1 dagger (elec)
rCold    . . .     Faith    .   (no shield)
rNeg     . . .     Spirit   .   (helmet restricted)
rPois    .         Reflect  .   u - amulet of regeneration
rElec    .         Harm     .   c - ring of protection from fire
rCorr    +         Rampage  .   e - ring of protection from fire
Will     .....                  p - ring of resist corrosion
Stlth    ++++......             (no ring)
HPRegen  0.56/turn              (no ring)
MPRegen  0.14/turn              (no ring)
                                (no ring)
                                (no ring)

@: no status effects
A: almost no armour, stealthy swim, amphibious, 8 rings, constrict 8, camouflage
1, gelatinous body 1
a: no special abilities


You were on level 5 of the Dungeon.
You visited 1 branch of the dungeon, and saw 6 of its levels.

You collected 257 gold pieces.

Inventory:

Hand Weapons
 h - a +2 short sword of holy wrath
 l - a +1 dagger of electrocution (weapon)
Missiles
 g - 16 javelins
Armour
 w - a +0 buckler
Jewellery
 c - a ring of protection from fire (left tentacle)
 e - a ring of protection from fire (right tentacle)
 p - a ring of resist corrosion (on tentacle)
 u - an amulet of regeneration (around mantle)
Wands
 A - a wand of acid (7)
Scrolls
 f - a scroll of fear
 j - a scroll of magic mapping
 m - 2 scrolls of enchant weapon
 n - 4 scrolls of amnesia
 o - 6 scrolls of remove curse
 q - a scroll of enchant armour {unknown}
 x - a scroll of noise {unknown}
 y - a scroll of fog {unknown}
 z - a scroll of random uselessness {unknown}
 D - a scroll of blinking {unknown}
Potions
 a - 3 potions of curing
 b - a potion of cancellation
 d - 3 potions of might
 i - a potion of flight
 k - a potion of haste
 r - a potion of invisibility {unknown}
 s - a potion of magic {unknown}
 t - 2 potions of resistance {unknown}
 v - 2 potions of degeneration {unknown}
 B - a potion of berserk rage {unknown}
 C - a potion of lignification {unknown}


   Skills:
 + Level 1.7 Fighting
 + Level 1.3 Short Blades
 + Level 3.0 Dodging
 + Level 4.3 Stealth
 + Level 4.4 Spellcasting
 + Level 4.0 Transmutations
 + Level 6.6 Poison Magic


You had 12 spell levels left.
You knew the following spells:

 Your Spells              Type           Power        Failure   Level
a - Sting                 Tmut/Pois      96%          1%          1
b - Poisonous Vapours     Pois/Air       32%          4%          2

Your spell library contained the following spells:

 Spells                   Type           Power        Failure   Level
 Ignite Poison            Fire/Tmut/Pois 17%          9%          3
 Olgreb's Toxic Radiance  Pois           29%          9%          4
 Foxfire                  Conj/Fire      16%          13%         1
 Magic Dart               Conj           16%          13%         1
 Mephitic Cloud           Conj/Pois/Air  12%          16%         3
 Searing Ray              Conj           8%           21%         2
 Conjure Flame            Conj/Fire      4%           36%         3
 Dazzling Flash           Conj/Hex       8%           36%         3
 Inner Flame              Hex/Fire       4%           36%         3
 Fulminant Prism          Conj/Hex       2%           78%         4
 Iskenderun's Mystic Bla  Conj/Tloc      4%           78%         4
 Sticky Flame             Conj/Fire      4%           78%         4
 Fireball                 Conj/Fire      2%           98%         5


Dungeon Overview and Level Annotations

Branches:
Dungeon (6/15)
 Temple: D:4-7

Altars:

Annotations:
D:3 3 runed translucent doors, stil's ghost, amateur OpTm


Innate Abilities, Weirdness & Mutations

You cannot wear most types of armour.
You are very stealthy in the water. (Stealth+)
You are amphibious.
You can wear up to eight rings at the same time.
You can use your tentacles to constrict eight enemies at once.
Your skin changes colour to match your surroundings (Stealth+).
Your rubbery body absorbs attacks. (AC +1, EV +1)


Message History

Ouch! That really hurt!
There is a stone staircase leading up, spattered with blood here.
You see here 6 stones.
An orc comes into view. It is wielding a +0 trident.
The orc warrior hits you with a +0 halberd.
There is a stone staircase leading up, spattered with blood here.
You see here 6 stones.
The orc warrior hits you with a +0 halberd!
* * * LOW HITPOINT WARNING * * *
You climb upwards.
There is a stone staircase leading down, spattered with blood here.
Casting: Poisonous Vapours (safe; 4% risk of failure)
Confirm with . or Enter, or press ? or * to list all spells.
Aiming: Sting (safe; 1% risk of failure)
Press: ? - help, Shift-Dir - straight line, f - orc warrior
Aim: an orc warrior, wielding a +0 halberd and wearing a cursed +0 chain mail (lightly wounded, 27% to evade)
The sting hits the orc warrior.
The orc warrior is poisoned.
The orc warrior is moderately wounded.
The orc warrior hits you with a +0 halberd!!
You die...

..#......#####
#.......♣♣♣♣.)...#
..........##.###....#.♣♣
♣♣#..)#
............#......##♣♣ #####
......##..#.#......#
#.........##...#...#
#...#..........###########
#..##..#.#....##.###..#..#
#.###))####....o))....#.##
....#..##......)@##......#
#...#........######..##..#
###...........###....##### #
#...........##..#.##
###............#..###
..#....#............######
.#.....#............##...##
.##.##....................##
....##............#........##


You could see an orc warrior (poisoned).

Vanquished Creatures
  Eustachio (D:4)
  A water moccasin skeleton (D:5)
  5 wights
  An orc priest (D:5)
  A centaur skeleton (D:5)
  A gnoll shaman (D:5)
  A bullfrog skeleton (D:6)
  2 orc wizards
  An iguana (D:4)
  Crazy Yiuf (D:5)
  A worker ant (D:6)
  Terence (D:2)
  2 hound skeletons
  A worker ant zombie (D:5)
  2 adders (D:2)
  6 gnolls (D:5)
  A shadow imp (D:5)
  A white imp (D:5)
  2 oozes
  A worm (D:2)
  3 leopard geckos
  4 orcs
  5 bats
  6 giant cockroaches
  5 goblins
  4 hobgoblins
  4 jackals (D:5)
  A quokka (D:6)
  6 frilled lizards
  7 kobolds
  4 rats
82 creatures vanquished.

Vanquished Creatures (others)
  A plant (D:2)
1 creature vanquished.

Grand Total: 83 creatures vanquished

Notes
Turn   | Place    | Note
-------+----------+-------------------------------------------
     0 | D:1      | Almogavar the Octopode Venom Mage began the quest for the
                  | Orb.
     0 | D:1      | Reached XP level 1. HP: 11/11 MP: 3/3
   277 | D:1      | Reached skill level 4 in Poison Magic
   308 | D:1      | Reached XP level 2. HP: 17/17 MP: 3/5
  1230 | D:2      | Reached XP level 3. HP: 21/21 MP: 3/6
  1902 | D:2      | Noticed Terence
  1910 | D:2      | Reached XP level 4. HP: 27/27 MP: 4/8
  1956 | D:2      | Killed Terence
  2958 | D:3      | Found a runed translucent gate.
  2959 | D:3      | Found a runed translucent gate.
  2960 | D:3      | Found a runed translucent gate.
  2960 | D:3      | Noticed stil's ghost (amateur OpTm)
  3370 | D:4      | Reached XP level 5. HP: 6/31 MP: 3/9
  3420 | D:4      | Learned a level 2 spell: Poisonous Vapours
  3793 | D:4      | Noticed Eustachio
  3806 | D:4      | Killed Eustachio
  3807 | D:4      | Reached skill level 1 in Fighting
  3807 | D:4      | Reached skill level 5 in Poison Magic
  3807 | D:4      | Reached XP level 6. HP: 22/38 MP: 5/11
  4048 | D:5      | Entered Level 5 of the Dungeon
  4326 | D:5      | Reached skill level 1 in Short Blades
  4439 | D:5      | Found a runed translucent door.
  4440 | D:5      | Noticed Crazy Yiuf
  4738 | D:5      | Killed Crazy Yiuf
  4739 | D:5      | Reached XP level 7. HP: 26/43 MP: 9/12
  5187 | D:5      | Reached skill level 6 in Poison Magic
  5828 | D:5      | Reached XP level 8. HP: 41/49 MP: 2/14
  5922 | D:5      | Mangled by an orc warrior

Illustrated notes

Levels and vault maps discovered:
D:1:      minmay_arrival_up_and_down, layout_basic
D:2:      layout_basic, serial_forest, infiniplex_forest_straight_5,
          infiniplex_forest_clump_double, infiniplex_forest_clump_double,
          infiniplex_forest_straight_2, infiniplex_forest_clump_curved,
          infiniplex_forest_3_way, infiniplex_forest_lined_corner, uniq_terence
D:3:      layout_loops_ring, ebering_ghost_rock_garden
D:4:      layout_gridville, minmay_misc_feat_x, uniq_eustachio
D:5:      layout_cave_pools, uniq_crazy_yiuf_cottage
D:6:      layout_cave_pools, minitemple, uniq_pikel

Skill      XL: |  1  2  3  4  5  6  7 |
---------------+----------------------+-----
Poison Magic   | 4 5 6 |  6.6
Stealth        | 3 4 |  4.3
Spellcasting   | 3 4 |  4.4
Fighting       | 1 |  1.7
Transmutations | 2 3 4 |  4.0
Short Blades   | 1 |  1.3
Dodging        | 3 |  3.0

Action                   |  1- 3 |  4- 6 |  7- 9 || total
-------------------------+-------+-------+-------++-------
Melee: Unarmed           |     3 |       |       ||     3
       Constrict         |     2 |    10 |    12 ||    24
       Short sword       |     4 |       |       ||     4
       Tentacles         |     2 |     9 |    11 ||    22
       Dagger            |     5 |    47 |    62 ||   114
 Cast: Sting             |    55 |    43 |    61 ||   159
       Poisonous Vapours |       |       |     2 ||     2
  Use: Scroll            |     4 |     5 |     2 ||    11
Armor: Skin              |     3 |     3 |     1 ||     7
Dodge: Dodged            |    13 |    36 |    94 ||   143
